 Dungeon Crawl Stone Soup version 0.26-a0-67-g850bfe61e3 (webtiles) character file.

Game seed: 16291510998249206246

46 vurker the Chopper (level 3, -1/22 HPs)
             Began as a Gargoyle Gladiator on June 12, 2020.
             Slain by a howler monkey (5 damage)
             ... on level 4 of the Dungeon.
             The game lasted 00:01:53 (1177 turns).

vurker the Chopper (Gargoyle Gladiator)             Turns: 1177, Time: 00:01:54

Health: -1/22      AC: 13    Str: 18    XL:     3   Next: 66%
Magic:  3/3        EV:  8    Int:  8    God:
Gold:   94         SH:  0    Dex: 11    Spells: 2/2 levels left

rFire    . . .     SeeInvis .   a - +0 war axe
rCold    . . .     Gourm    .   (no shield)
rNeg     + . .     Faith    .   m - +0 chain mail
rPois    ∞         Spirit   .   c - +0 helmet
rElec    +         Reflect  .   (no cloak)
rCorr    .         Harm     .   (no gloves)
MR       .....                  g - +0 pair of boots
Stlth    ..........             (no amulet)
HPRegen  0.07/turn              (no ring)
MPRegen  0.08/turn              (no ring)

@: no status effects
A: negative energy resistance 1, electricity resistance, unbreathing,
petrification resistance, rot immunity, AC +3
a: no special abilities


You were on level 4 of the Dungeon.
You were not hungry.

You visited 1 branch of the dungeon, and saw 3 of its levels.

You collected 94 gold pieces.

Inventory:

Hand Weapons
 a - a +0 war axe (weapon)
Missiles
 d - 3 throwing nets (quivered)
Armour
 c - a +0 helmet (worn)
 g - a +0 pair of boots (worn)
   (You found it on level 1 of the Dungeon)
 m - a +0 chain mail (worn)
   (You found it on level 2 of the Dungeon)
Scrolls
 f - a scroll of remove curse {unknown}
 h - a scroll of enchant armour {unknown}
 k - a scroll of identify {unknown}
Potions
 b - 3 potions of flight {unknown}
 i - a potion of berserk rage {unknown}
 l - 3 potions of mutation {unknown}
Comestibles
 e - 4 rations
 j - 4 chunks of flesh


   Skills:
 + Level 2.7 Fighting
 * Level 3.3 Axes
 - Level 1.7 Throwing
 + Level 1.2 Armour
 + Level 2.7 Dodging


You had 2 spell levels left.
You didn't know any spells.
Your spell library was empty.

Dungeon Overview and Level Annotations

Branches:
Dungeon (2/15)

Altars:

Annotations:
D:2 Terence


Innate Abilities, Weirdness & Mutations

You are resistant to torment.
Your stone body is resilient. (AC +3)
You are immune to poison.
You resist negative energy. (rN+)
You are resistant to electric shocks. (rElec)
You can survive without breathing.
You are immune to petrification.
You are immune to rotting.


Message History

You closely miss the rat. The rat bites you.
You hit the rat but do no damage. The rat bites you but does no damage.
You slash the rat!
You kill the rat!
No target in view!
No target in view!
Terence the Incautious comes into view.
He is wielding a +0 short sword.
You fall into a shaft and drop 2 floors!
The shaft crumbles and collapses.
An orc wizard comes into view. It is wielding a +0 dagger.
The orc wizard shouts!
An orc comes into view. It is wielding a +0 short sword.
The orc shouts!
You hear a howl!
Found a bronze wand and 19 gold pieces.
The orc wizard points at you and mumbles some strange words.
The magic dart hits you!
Ouch! That really hurt!
* * * LOW HITPOINT WARNING * * *
An orc comes into view. It is wielding a -3 trident.
Unknown command.
A howler monkey comes into view.
The howler monkey howls!
You slash the orc!
You kill the orc!
You hear a shout!
The howler monkey hoots and howls with incredible vigour!
A leopard gecko comes into view.
The leopard gecko hisses angrily.
The orc shouts!
Things that are here:
a +0 short sword; a +0 leather armour; an orc corpse You hit the orc wizard but do no damage.
The orc wizard hits you but does no damage.
The orc wizard closely misses you.
You closely miss the orc wizard.
A quokka comes into view.
The orc wizard hits you with a +0 dagger.
* * * LOW HITPOINT WARNING * * *
The orc barely misses you.
You hit the orc wizard. The orc closely misses you.
The quokka twitches its whiskers.
You closely miss the howler monkey. You miss the orc wizard.
The orc wizard hits you with a +0 dagger.
* * * LOW HITPOINT WARNING * * *
The howler monkey hits you.
* * * LOW HITPOINT WARNING * * *
The orc closely misses you.
The orc wizard hits you but does no damage.
The howler monkey hits you.
You die...

.#....... #
..$..#.#
.#../...#
.....#.. #
#.#.#.# ##.#
...r.#...
###.##o#.#.#
.......hol.#
#.###.##@#.# #
#.# #
..............#
..............#
###############


You could see a howler monkey, an orc wizard, an orc, a leopard gecko and a
quokka.

Vanquished Creatures
  An adder (D:2)
  A leopard gecko (D:2)
  An orc (D:4)
  4 goblins
  5 hobgoblins
  4 jackals (D:1)
  4 bats (D:1)
  2 frilled lizards (D:1)
  4 kobolds
  7 rats
33 creatures vanquished.

Notes
Turn   | Place    | Note
-------+----------+-------------------------------------------
     0 | D:1      | vurker the Gargoyle Gladiator began the quest for the Orb.
     0 | D:1      | Reached XP level 1. HP: 12/12 MP: 1/1
   103 | D:1      | Reached XP level 2. HP: 14/18 MP: 2/2
   209 | D:1      | Reached skill level 3 in Axes
   593 | D:1      | Reached skill level 1 in Armour
   675 | D:1      | Reached XP level 3. HP: 22/22 MP: 3/3
  1167 | D:2      | Noticed Terence
  1167 | D:2      | You fall into a shaft and drop 2 floors!
  1177 | D:4      | Slain by a howler monkey

Illustrated notes

Levels and vault maps discovered:
D:1:      minmay_arrival_four_houses, layout_basic
D:2:      layout_basic, uniq_terence
D:4:      layout_loops_ring, kiku_gazebo_garden_becter,
          nicolae_ru_sacrificial_ziggurat, gammafunk_ghost_split,
          minmay_diced_spiral

Skill      XL: |  1  2 |
---------------+-------+-----
Axes           | 3 |  3.3
Armour         | 1 |  1.2
Fighting       | |  2.7
Throwing       | |  1.7
Dodging        | |  2.7

Action                   || total
-------------------------++-------
Melee: War axe           ||   107
  Eat: Chunk             ||     1
Armor: Leather armour    ||    32
       Ring mail         ||    19
       Chain mail        ||    12
Dodge: Dodged            ||    87

Table legend:
 A = Non-vault XP
 B = Vault XP
 C = Vault XP percentage of total XP
 D = Non-vault monster count
 E = Vault monster count
 F = Vault count percentage of total count
                 A         B        C        D         E       F
            +---------+---------+-------+---------+---------+-------
      Total |      66 |       0 |   0.0 |      33 |       0 |   0.0
            +---------+---------+-------+---------+---------+-------
        D:1 |      37 |       0 |   0.0 |      23 |       0 |   0.0
        D:2 |      26 |       0 |   0.0 |       9 |       0 |   0.0
        D:4 |       3 |       0 |   0.0 |       1 |       0 |   0.0
            +---------+---------+-------+---------+---------+-------
